PL
LAS VEGAS FLAMINGOS @ BUCKHEAD BOWTIES
08/10/2034
 
TOP OF THE 1ST
Las Vegas Flamingos batting - Pitching for Buckhead Bowties : RHP José García
Pitching: RHP José García
Batting: LHB Ruud van Ineveld 0-0: Ball
1-0: Foul Ball, location: 2F
1-1: Ball
2-1: Ball
3-1: SINGLE (Groundball, 15S) (infield hit)
Batting: RHB Baldomero Avino 0-0: Swinging Strike
0-1: Ball
1-1: Foul Ball, location: 2F
1-2: Ball
2-2: Foul Ball, location: 2F
2-2: Fly out, F8 (Line Drive, 8LD)
Batting: RHB Xavier Hernández 0-0: Ball
Ruud van Ineveld is caught stealing 2nd base
1-0: Ball
2-0: Ground out 5-3 (Groundball, 5)
Top of the 1st over - 0 runs, 1 hit, 0 errors, 0 left on base; Las Vegas 0 - Buckhead 0
BOTTOM OF THE 1ST
Buckhead Bowties batting - Pitching for Las Vegas Flamingos : RHP Marvin Martin
Pitching: RHP Marvin Martin
Batting: LHB José Valéncia 0-0: Called Strike
0-1: Ball
1-1: Called Strike
1-2: Ball
2-2: Reached via error on a dropped throw, E1
Batting: LHB Shunso Kiyomizu 0-0: SINGLE (Line Drive, 4MD)
José Valéncia to second
Batting: RHB Derek Bangert 0-0: Ball
1-0: Fly out, F6 (Line Drive, 6M)
Batting: RHB Richard Jost 0-0: Ball
1-0: Called Strike
1-1: Foul Ball, location: 2F
1-2: Foul Ball, location: 2F
1-2: Reached on error, E9 (Flyball, 9S)
José Valéncia to third
Shunso Kiyomizu to second
Batting: RHB Daniel McCoy 0-0: Called Strike
0-1: Ball
1-1: Ball
2-1: Foul Ball, location: 2F
2-2: Fly out, F6 (Popup, P)
Batting: RHB Emílio Agramónte 0-0: Called Strike
0-1: Ball
1-1: Foul Ball, location: 2F
1-2: Fielders Choice at 2nd, 6-4 (Groundball, 6)
Bottom of the 1st over - 0 runs, 1 hit, 2 errors, 3 left on base; Las Vegas 0 - Buckhead 0
TOP OF THE 2ND
Las Vegas Flamingos batting - Pitching for Buckhead Bowties : RHP José García
Batting: LHB Victor Adams 0-0: Called Strike
0-1: Ground out 4-3 (Groundball, 4D)
Batting: LHB Ty Tomblin 0-0: Foul Ball, location: 2F
0-1: Foul Ball, location: 2F
0-2: SINGLE (Line Drive, 9S)
Batting: SHB Glyn Bolasky 0-0: Called Strike
Ty Tomblin steals 2nd base
0-1: SINGLE (Groundball, 34D)
Ty Tomblin to third
Runner from 3rd tries for Home, SAFE, no throw
Batting: RHB Ellis Greenham 0-0: Called Strike
0-1: Swinging Strike
0-2: Ball
1-2: Strikes out swinging
Batting: RHB Shihei Kichikawa 0-0: Called Strike
0-1: Ball
1-1: Ball
2-1: Ball
3-1: Called Strike
3-2: Reached on error, E5 (Groundball, 5L)
Glyn Bolasky to second
Batting: RHB Sun-jae Kwak 0-0: Called Strike
0-1: Ball
1-1: Ball
2-1: Foul Ball, location: 2F
2-2: Strikes out swinging
Top of the 2nd over - 1 run, 2 hits, 1 error, 2 left on base; Las Vegas 1 - Buckhead 0
BOTTOM OF THE 2ND
Buckhead Bowties batting - Pitching for Las Vegas Flamingos : RHP Marvin Martin
Batting: RHB David Edwards 0-0: Ball
1-0: Ball
2-0: Called Strike
2-1: DOUBLE (Flyball, 78XD)
Batting: LHB Félix López 0-0: Called Strike
0-1: Called Strike
0-2: Foul Ball, location: 2F
0-2: Ground out 1-3 (Groundball, 13)
David Edwards to third
Batting: RHB Raúl Ruíz 0-0: Ball
1-0: Ball
2-0: Reached on error, E6 (Groundball, 6)
David Edwards scores
Batting: LHB José Valéncia 0-0: Called Strike
Raúl Ruíz steals 2nd base
0-1: Ball
1-1: Ground out 3-1 (Groundball, 34S)
Raúl Ruíz to third
Batting: LHB Shunso Kiyomizu 0-0: SINGLE (Line Drive, 9LS)
Raúl Ruíz scores
Batting: RHB Derek Bangert 0-0: Ball
1-0: Ball
2-0: Called Strike
2-1: Ball
3-1: Foul Ball, location: 2F
3-2: Base on Balls
Shunso Kiyomizu to second
Batting: RHB Richard Jost 0-0: Swinging Strike
0-1: Foul Ball, location: 2F
0-2: Ground out 4-3 (Groundball, 4)
Bottom of the 2nd over - 2 runs, 2 hits, 1 error, 2 left on base; Las Vegas 1 - Buckhead 2
TOP OF THE 3RD
Las Vegas Flamingos batting - Pitching for Buckhead Bowties : RHP José García
Batting: LHB Ruud van Ineveld 0-0: Ball
1-0: Swinging Strike
1-1: Ball
2-1: Ball
3-1: Fly out, F2 (Popup, 2RF)
Batting: RHB Baldomero Avino 0-0: Ball
1-0: Ball
2-0: Ball
3-0: Base on Balls
Batting: RHB Xavier Hernández 0-0: Called Strike
0-1: Called Strike
0-2: Ball
1-2: Ground out 4-3 (Groundball, 4MD)
Baldomero Avino to second
Batting: LHB Victor Adams 0-0: Ball
1-0: Fly out, F7 (Flyball, 7LS)
Top of the 3rd over - 0 runs, 0 hits, 0 errors, 1 left on base; Las Vegas 1 - Buckhead 2
BOTTOM OF THE 3RD
Buckhead Bowties batting - Pitching for Las Vegas Flamingos : RHP Marvin Martin
Batting: RHB Daniel McCoy 0-0: Called Strike
0-1: Called Strike
0-2: DOUBLE (Groundball, 5L)
Batting: RHB Emílio Agramónte 0-0: Called Strike
0-1: Called Strike
0-2: Strikes out swinging
Batting: RHB David Edwards 0-0: Ball
1-0: Ball
2-0: Foul Ball, location: 2F
2-1: Swinging Strike
2-2: SINGLE (Flyball, 9LS)
Daniel McCoy to third
Runner from 3rd tries for Home, SAFE, throw made home
David Edwards to second
Batting: LHB Félix López 0-0: Ball
1-0: Swinging Strike
Error on foul ball, E9
1-2: Ball
2-2: SINGLE (Groundball, 4MD)
David Edwards to third
Runner from 3rd tries for Home, SAFE, no throw
Batting: RHB Raúl Ruíz 0-0: Swinging Strike
0-1: Ball
1-1: Ball
2-1: Ground out 5-3 (Groundball, 56S)
Félix López to second
Batting: LHB José Valéncia 0-0: Ball
1-0: SINGLE (Flyball, 78S)
Félix López to third
Runner from 3rd tries for Home, SAFE, no throw
Batting: LHB Shunso Kiyomizu 0-0: Foul Ball, location: 2F
0-1: Called Strike
0-2: Ball
1-2: Ball
2-2: Ball
3-2: Ground out 5-3 (Groundball, 6)
Bottom of the 3rd over - 3 runs, 4 hits, 1 error, 1 left on base; Las Vegas 1 - Buckhead 5
TOP OF THE 4TH
Las Vegas Flamingos batting - Pitching for Buckhead Bowties : RHP José García
Batting: LHB Ty Tomblin 0-0: Fly out, F8 (Flyball, 89M)
Batting: SHB Glyn Bolasky 0-0: Swinging Strike
0-1: Ball
1-1: Ball
2-1: Swinging Strike
2-2: Ground out 6-3 (Groundball, 6)
Batting: RHB Ellis Greenham 0-0: Called Strike
0-1: Swinging Strike
0-2: Foul Ball, location: 2F
0-2: Strikes out looking
Top of the 4th over - 0 runs, 0 hits, 0 errors, 0 left on base; Las Vegas 1 - Buckhead 5
BOTTOM OF THE 4TH
Buckhead Bowties batting - Pitching for Las Vegas Flamingos : RHP Marvin Martin
Batting: RHB Derek Bangert 0-0: Foul Ball, location: 2F
0-1: Ball
1-1: Swinging Strike
1-2: Strikes out looking
Batting: RHB Richard Jost 0-0: Called Strike
0-1: SINGLE (Flyball, 7LS)
Batting: RHB Daniel McCoy 0-0: Ball
1-0: Ball
2-0: Fly out, F8 (Flyball, 8LD)
Batting: RHB Emílio Agramónte 0-0: Ball
1-0: Ball
2-0: Called Strike
2-1: Ball
3-1: Fielders Choice at 2nd, 6-4 (Groundball, 56)
Bottom of the 4th over - 0 runs, 1 hit, 0 errors, 1 left on base; Las Vegas 1 - Buckhead 5
TOP OF THE 5TH
Las Vegas Flamingos batting - Pitching for Buckhead Bowties : RHP José García
Batting: RHB Shihei Kichikawa 0-0: Ball
1-0: Called Strike
1-1: Called Strike
1-2: Foul Ball, location: 2F
1-2: Foul Ball, location: 2F
1-2: Ball
2-2: Foul Ball, location: 2F
2-2: Ball
3-2: Ground out 5-3 (Groundball, 56S)
Batting: RHB Sun-jae Kwak 0-0: Called Strike
0-1: Called Strike
0-2: Foul Ball, location: 2F
0-2: Strikes out swinging
Batting: LHB Ruud van Ineveld 0-0: Foul Ball, location: 2F
0-1: TRIPLE (Line Drive, 9D)
Batting: RHB Baldomero Avino 0-0: Foul Ball, location: 2F
0-1: Ground out 5-3 (Groundball, 56S)
Top of the 5th over - 0 runs, 1 hit, 0 errors, 1 left on base; Las Vegas 1 - Buckhead 5
BOTTOM OF THE 5TH
Buckhead Bowties batting - Pitching for Las Vegas Flamingos : RHP Marvin Martin
Batting: RHB David Edwards 0-0: Foul Ball, location: 2F
0-1: Ball
1-1: Foul Ball, location: 2F
1-2: Foul Ball, location: 2F
1-2: Ground out 6-3 (Groundball, 6D)
Batting: LHB Félix López 0-0: Ball
1-0: Foul Ball, location: 2F
1-1: Ball
2-1: Fly out, F7 (Flyball, 7)
Batting: RHB Raúl Ruíz 0-0: Ball
1-0: Foul Ball, location: 2F
1-1: Called Strike
1-2: Ball
2-2: Ball
3-2: Strikes out swinging
Bottom of the 5th over - 0 runs, 0 hits, 0 errors, 0 left on base; Las Vegas 1 - Buckhead 5
TOP OF THE 6TH
Las Vegas Flamingos batting - Pitching for Buckhead Bowties : RHP José García
Batting: RHB Xavier Hernández 0-0: Ball
1-0: Foul Ball, location: 2F
1-1: Called Strike
1-2: Fly out, F8 (Flyball, 8LD)
Batting: LHB Victor Adams 0-0: Swinging Strike
0-1: Ball
1-1: Ball
2-1: Foul Ball, location: 2F
2-2: Ground out 4-3 (Groundball, 4)
Batting: LHB Ty Tomblin 0-0: Foul Ball, location: 2F
0-1: Ball
1-1: Swinging Strike
1-2: Ball
2-2: Ground out 4-3 (Groundball, 4)
Top of the 6th over - 0 runs, 0 hits, 0 errors, 0 left on base; Las Vegas 1 - Buckhead 5
BOTTOM OF THE 6TH
Buckhead Bowties batting - Pitching for Las Vegas Flamingos : RHP Marvin Martin
Pitching: LHP Pedro Ortíz
Batting: LHB José Valéncia 0-0: Ground out 3-1 (Groundball, 34S)
Batting: LHB Shunso Kiyomizu 0-0: Called Strike
0-1: Ground out U3 (Groundball, 34)
Batting: RHB Derek Bangert 0-0: Ball
1-0: Called Strike
1-1: Foul Ball, location: 2F
1-2: Strikes out swinging
Bottom of the 6th over - 0 runs, 0 hits, 0 errors, 0 left on base; Las Vegas 1 - Buckhead 5
TOP OF THE 7TH
Las Vegas Flamingos batting - Pitching for Buckhead Bowties : RHP José García
Batting: SHB Glyn Bolasky 0-0: Ball
1-0: Ball
2-0: Called Strike
2-1: Foul Ball, location: 2F
2-2: Ball
3-2: Foul Ball, location: 2F
3-2: Foul Ball, location: 2F
3-2: Foul Ball, location: 2F
3-2: Foul Ball, location: 2F
3-2: Reached on error, E5 (Groundball, 56)
Batting: RHB Ellis Greenham 0-0: Ball
1-0: Foul Ball, location: 2F
1-1: Foul Ball, location: 2F
1-2: Strikes out looking
Batting: RHB Shihei Kichikawa 0-0: Ball
1-0: Ball
Wild Pitch!
Glyn Bolasky to second
2-0: Ball
3-0: Called Strike
3-1: Foul Ball, location: 2F
3-2: Strikes out swinging
Pitching: RHP Brian Fixel
Batting: RHB Sun-jae Kwak 0-0: Swinging Strike
0-1: Ball
1-1: Ground out 6-3 (Groundball, 56)
Top of the 7th over - 0 runs, 0 hits, 1 error, 1 left on base; Las Vegas 1 - Buckhead 5
BOTTOM OF THE 7TH
Buckhead Bowties batting - Pitching for Las Vegas Flamingos : LHP Pedro Ortíz
Batting: RHB Richard Jost 0-0: Swinging Strike
0-1: Foul Ball, location: 2F
0-2: Ball
1-2: Foul Ball, location: 2F
1-2: Ball
2-2: Ground out 1-3 (Groundball, 13)
Batting: RHB Daniel McCoy 0-0: Called Strike
0-1: Ball
1-1: Ball
2-1: Foul Ball, location: 2F
2-2: Fly out, F8 (Flyball, 8LD)
Batting: RHB Emílio Agramónte 0-0: Called Strike
0-1: Ball
1-1: Ball
2-1: Fly out, F8 (Flyball, 8LD)
Bottom of the 7th over - 0 runs, 0 hits, 0 errors, 0 left on base; Las Vegas 1 - Buckhead 5
TOP OF THE 8TH
Las Vegas Flamingos batting - Pitching for Buckhead Bowties : RHP Eduardo Molina
Pitching: RHP Eduardo Molina
Batting: LHB Ruud van Ineveld 0-0: Called Strike
0-1: Ball
1-1: Ball
2-1: Foul Ball, location: 2F
2-2: Foul Ball, location: 2F
2-2: Ball
3-2: Foul Ball, location: 2F
3-2: Base on Balls
Batting: RHB Baldomero Avino 0-0: Ball
1-0: Called Strike
1-1: Foul Ball, location: 2F
1-2: Foul Ball, location: 2F
1-2: Ball
2-2: Foul Ball, location: 2F
2-2: Ball
3-2: Grounds into double play, 6-4-3 (Groundball, 6)
Batting: RHB Xavier Hernández 0-0: Called Strike
0-1: Ball
1-1: Foul Ball, location: 2F
1-2: Ball
2-2: Strikes out swinging
Top of the 8th over - 0 runs, 0 hits, 0 errors, 0 left on base; Las Vegas 1 - Buckhead 5
BOTTOM OF THE 8TH
Buckhead Bowties batting - Pitching for Las Vegas Flamingos : LHP Pedro Ortíz
Batting: RHB David Edwards 0-0: Ball
1-0: Ball
2-0: Fly out, F9 (Flyball, 9S)
Batting: LHB Félix López 0-0: Ball
1-0: Swinging Strike
1-1: Ground out 4-3 (Groundball, 4S)
Batting: RHB Raúl Ruíz 0-0: Called Strike
0-1: Foul Ball, location: 2F
0-2: Ball
1-2: Hit by Pitch
Batting: LHB José Valéncia 0-0: Swinging Strike
0-1: Ball
1-1: Called Strike
1-2: Fly out, F9 (Flyball, 9S)
Bottom of the 8th over - 0 runs, 0 hits, 0 errors, 1 left on base; Las Vegas 1 - Buckhead 5
TOP OF THE 9TH
Las Vegas Flamingos batting - Pitching for Buckhead Bowties : RHP Eduardo Molina
Batting: LHB Victor Adams 0-0: Called Strike
0-1: SINGLE (Groundball, 4MD)
Batting: LHB Ty Tomblin 0-0: Ball
1-0: Ground out 3-1 (Groundball, 34S)
Victor Adams to second
Batting: SHB Glyn Bolasky 0-0: Called Strike
0-1: Ball
1-1: Ball
2-1: Ball
3-1: Base on Balls
Batting: RHB Ellis Greenham 0-0: Ball
1-0: Ball
2-0: Ball
3-0: Base on Balls
Victor Adams to third
Glyn Bolasky to second
Pinch Hitting: RHB Sake van Arem 0-0: Foul Ball, location: 2F
0-1: SINGLE (Line Drive, 89M)
Victor Adams scores
Glyn Bolasky to third
Ellis Greenham to second
Batting: RHB Sun-jae Kwak 0-0: Called Strike
0-1: Foul Ball, location: 2F
0-2: Strikes out looking
Batting: LHB Ruud van Ineveld 0-0: Ground out 4-3 (Groundball, 4)
Top of the 9th over - 1 run, 2 hits, 0 errors, 3 left on base; Las Vegas 2 - Buckhead 5
Friday, March 29th, 2019 - OOTP Baseball 18.8 Build 76